MLB
CINCINNATI REDS @ COLORADO ROCKIES
05/27/2018
 
TOP OF THE 1ST
Cincinnati Reds batting - Pitching for Colorado Rockies : LHP CC Sabathia
Pitching: LHP CC Sabathia
Batting: RHB Trea Turner 0-0: Ball
1-0: Ball
2-0: Ground out 4-3 (Groundball, 4)
Batting: LHB Scooter Gennett 0-0: Called Strike
0-1: Ball
1-1: Swinging Strike
1-2: Foul Ball, location: 2F
1-2: Strikes out swinging
Batting: SHB Yasmani Grandal 0-0: Ball
1-0: Ball
2-0: Ball
3-0: Base on Balls
Batting: RHB Edwin Encarnacion 0-0: Foul Ball, location: 2F
0-1: Ball
1-1: Ball
2-1: Ball
3-1: Fly out, F7 (Flyball, 7S)
Top of the 1st over - 0 runs, 0 hits, 0 errors, 1 left on base; Cincinnati 0 - Colorado 0
BOTTOM OF THE 1ST
Colorado Rockies batting - Pitching for Cincinnati Reds : RHP Jake Peavy
Pitching: RHP Jake Peavy
Batting: LHB Jake Bauers 0-0: Ball
1-0: Ball
2-0: Called Strike
2-1: Foul Ball, location: 2F
2-2: Ball
3-2: Foul Ball, location: 2F
3-2: SINGLE (Line Drive, 6MD)
Batting: LHB Nick Markakis 0-0: SINGLE (Line Drive, 9S)
Jake Bauers to second
Batting: RHB Mike Trout 0-0: Called Strike
0-1: Fly out, F8 (Flyball, 8LD)
Batting: RHB Brett Lawrie 0-0: Ball
1-0: Ball
2-0: Swinging Strike
2-1: Foul Ball, location: 2F
2-2: Strikes out looking
Batting: RHB Jordy Mercer 0-0: Reached on error, E9 (Flyball, 9S)
Jake Bauers scores
Nick Markakis to third
Batting: LHB Tommy La Stella 0-0: 3-RUN HOME RUN (Flyball, 9LD), Distance : 370 ft
Batting: RHB Bryce Brentz 0-0: Ball
1-0: Called Strike
1-1: Foul Ball, location: 2F
1-2: Ball
2-2: Ball
3-2: Strikes out swinging
Bottom of the 1st over - 4 runs, 3 hits, 1 error, 0 left on base; Cincinnati 0 - Colorado 4
TOP OF THE 2ND
Cincinnati Reds batting - Pitching for Colorado Rockies : LHP CC Sabathia
Batting: LHB Robinson Cano 0-0: Swinging Strike
0-1: Ground out 1-3 (Groundball, P)
Batting: RHB Adam Duvall 0-0: Ball
1-0: Ground out 5-3 (Groundball, 56)
Batting: LHB Joey Gallo 0-0: Ball
1-0: Ball
2-0: Ball
3-0: Called Strike
3-1: Base on Balls
Batting: RHB Allen Cordoba 0-0: Ground out 4-3 (Groundball, 4)
Top of the 2nd over - 0 runs, 0 hits, 0 errors, 1 left on base; Cincinnati 0 - Colorado 4
BOTTOM OF THE 2ND
Colorado Rockies batting - Pitching for Cincinnati Reds : RHP Jake Peavy
Batting: SHB Sandy Leon 0-0: Called Strike
0-1: Fly out, F9 (Flyball, 89S)
Batting: LHB CC Sabathia 0-0: Fly out, F8 (Flyball, 89D)
Batting: LHB Jake Bauers 0-0: SINGLE (Flyball, 9LS)
Batting: LHB Nick Markakis 0-0: SINGLE (Line Drive, 4MD)
Jake Bauers to second
Batting: RHB Mike Trout 0-0: Ball
1-0: Ball
2-0: Called Strike
2-1: Ball
3-1: Base on Balls
Jake Bauers to third
Nick Markakis to second
Batting: RHB Brett Lawrie 0-0: Called Strike
Balk!
Jake Bauers scores
Nick Markakis to third
Mike Trout to second
0-1: Called Strike
0-2: DOUBLE (Line Drive, 78M)
Nick Markakis scores
Mike Trout scores
Batting: RHB Jordy Mercer 0-0: Ball
1-0: Ball
2-0: Fly out, F4 (Line Drive, 4)
Bottom of the 2nd over - 3 runs, 3 hits, 0 errors, 1 left on base; Cincinnati 0 - Colorado 7
TOP OF THE 3RD
Cincinnati Reds batting - Pitching for Colorado Rockies : LHP CC Sabathia
Pinch Hitting: RHB Luis Jimenez 0-0: Ball
1-0: Ball
2-0: Ball
3-0: Called Strike
3-1: Foul Ball, location: 2F
3-2: Strikes out looking
Batting: RHB Trea Turner 0-0: Ball
1-0: Ball
2-0: Foul Ball, location: 2F
2-1: Called Strike
2-2: Foul Ball, location: 2F
2-2: DOUBLE (Line Drive, 9LS)
Batting: LHB Scooter Gennett 0-0: Ball
1-0: Ground out U3 (Groundball, 3)
Trea Turner to third
Batting: SHB Yasmani Grandal 0-0: Ball
1-0: Called Strike
1-1: Ball
2-1: Called Strike
2-2: Ground out 6-3 (Groundball, 6)
Top of the 3rd over - 0 runs, 1 hit, 0 errors, 1 left on base; Cincinnati 0 - Colorado 7
BOTTOM OF THE 3RD
Colorado Rockies batting - Pitching for Cincinnati Reds : RHP Jake Peavy
Pitching: RHP Tyler Duffey
Batting: LHB Tommy La Stella 0-0: Fly out, F9 (Flyball, 89S)
Batting: RHB Bryce Brentz 0-0: Ball
1-0: Foul Ball, location: 2F
1-1: Ball
2-1: SINGLE (Groundball, 6D)
Batting: SHB Sandy Leon 0-0: Called Strike
0-1: SINGLE (Groundball, 34D)
Bryce Brentz to second
Runner from 2nd tries for 3rd, SAFE, throw by RF made to third
Batting: LHB CC Sabathia 0-0: Ball
1-0: Ball
2-0: Foul Ball, location: 2F
2-1: Fly out, F8 (Flyball, 89M)
Runner from 3rd tags up, SCORES, throw by CF
Batting: LHB Jake Bauers 0-0: Ball
1-0: Ball
2-0: Ball
3-0: Base on Balls
Sandy Leon to second
Batting: LHB Nick Markakis 0-0: Ball
1-0: Ball
2-0: Ball
3-0: Base on Balls
Sandy Leon to third
Jake Bauers to second
Batting: RHB Mike Trout 0-0: Called Strike
0-1: Swinging Strike
0-2: Ball
1-2: Ball
2-2: Ball
3-2: Reached on error, E5 (Groundball, 56)
Sandy Leon scores
Jake Bauers to third
Nick Markakis to second
Batting: RHB Brett Lawrie 0-0: Ground out U3 (Groundball, 34S)
Bottom of the 3rd over - 2 runs, 2 hits, 1 error, 3 left on base; Cincinnati 0 - Colorado 9
TOP OF THE 4TH
Cincinnati Reds batting - Pitching for Colorado Rockies : LHP CC Sabathia
Batting: RHB Edwin Encarnacion 0-0: Fly out, F8 (Flyball, 8LS)
Batting: LHB Robinson Cano 0-0: Foul Ball, location: 2F
0-1: Foul Ball, location: 2F
0-2: Ball
1-2: Ball
2-2: Ball
3-2: Fly out, F7 (Flyball, 7LSF)
Batting: RHB Adam Duvall 0-0: Foul Ball, location: 2F
0-1: Foul Ball, location: 2F
0-2: Ball
1-2: Fly out, F7 (Line Drive, 7D)
Top of the 4th over - 0 runs, 0 hits, 0 errors, 0 left on base; Cincinnati 0 - Colorado 9
BOTTOM OF THE 4TH
Colorado Rockies batting - Pitching for Cincinnati Reds : RHP Tyler Duffey
Batting: RHB Jordy Mercer 0-0: Called Strike
0-1: Called Strike
0-2: Foul Ball, location: 2F
0-2: Ball
1-2: Strikes out looking
Batting: LHB Tommy La Stella 0-0: Called Strike
0-1: Called Strike
0-2: Ground out 4-3 (Groundball, 4)
Batting: RHB Bryce Brentz 0-0: Called Strike
0-1: Foul Ball, location: 2F
0-2: Strikes out swinging
Bottom of the 4th over - 0 runs, 0 hits, 0 errors, 0 left on base; Cincinnati 0 - Colorado 9
TOP OF THE 5TH
Cincinnati Reds batting - Pitching for Colorado Rockies : LHP CC Sabathia
Batting: LHB Joey Gallo 0-0: Ball
1-0: SINGLE (Flyball, 89S)
Batting: RHB Allen Cordoba 0-0: Called Strike
Joey Gallo to 3rd
Joey Gallo to third
0-1: Called Strike
0-2: Ground out 5-3 (Groundball, 56)
Joey Gallo scores
Batting: RHB Tyler Duffey 0-0: Ground out 6-3 (Groundball, 6)
Batting: RHB Trea Turner 0-0: Ball
1-0: Ball
2-0: Foul Ball, location: 2F
2-1: Ball
3-1: Base on Balls
Batting: LHB Scooter Gennett 0-0: Ball
1-0: Foul Ball, location: 2F
1-1: Swinging Strike
1-2: Ball
Wild Pitch!
Trea Turner to second
2-2: Foul Ball, location: 2F
2-2: Foul Ball, location: 2F
2-2: Strikes out swinging
Top of the 5th over - 1 run, 1 hit, 1 error, 1 left on base; Cincinnati 1 - Colorado 9
BOTTOM OF THE 5TH
Colorado Rockies batting - Pitching for Cincinnati Reds : RHP Tyler Duffey
Batting: SHB Sandy Leon 0-0: Ball
1-0: Fly out, F7 (Flyball, 78M)
Batting: LHB CC Sabathia 0-0: Ball
1-0: Ball
2-0: Called Strike
2-1: Foul Ball, location: 2F
2-2: Ground out U3 (Groundball, 34S)
Batting: LHB Jake Bauers 0-0: Ball
1-0: Ball
2-0: Ball
3-0: Base on Balls
Batting: LHB Nick Markakis 0-0: Called Strike
0-1: Foul Ball, location: 2F
0-2: Ball
Jake Bauers steals 2nd base
1-2: Ball
2-2: Ball
3-2: SINGLE (Groundball, 34D)
Jake Bauers to third
Jake Bauers scores
Pitching: LHP Rex Brothers
Batting: RHB Mike Trout 0-0: Foul Ball, location: 2F
0-1: Ball
1-1: Ball
2-1: Called Strike
2-2: Foul Ball, location: 2F
2-2: Ball
3-2: Base on Balls
Nick Markakis to second
Batting: RHB Brett Lawrie 0-0: Called Strike
0-1: Ball
1-1: Ball
2-1: Foul Ball, location: 2F
2-2: Foul Ball, location: 2F
2-2: SINGLE (Line Drive, 89M)
Nick Markakis to third
Mike Trout to second
Runner from 3rd tries for Home, SAFE, no throw by RF
Batting: RHB Jordy Mercer 0-0: Called Strike
0-1: Ball
1-1: SINGLE (Groundball, 3) (infield hit)
Mike Trout to third
Brett Lawrie to second
Batting: LHB Tommy La Stella 0-0: Ball
1-0: Called Strike
1-1: Ball
2-1: GRAND SLAM HOME RUN (Flyball, 9D), Distance : 381 ft
Pitching: LHP Felipe Rivero
Batting: RHB Bryce Brentz 0-0: Ball
1-0: Swinging Strike
1-1: Called Strike
1-2: Ball
2-2: Foul Ball, location: 2F
2-2: Strikes out looking
Bottom of the 5th over - 6 runs, 4 hits, 0 errors, 0 left on base; Cincinnati 1 - Colorado 15
TOP OF THE 6TH
Cincinnati Reds batting - Pitching for Colorado Rockies : LHP CC Sabathia
Batting: SHB Yasmani Grandal 0-0: Ball
1-0: Ball
2-0: Foul Ball, location: 2F
2-1: Fly out, F8 (Flyball, 78S)
Batting: RHB Edwin Encarnacion 0-0: Ball
1-0: Ground out 6-3 (Groundball, 6S)
Batting: LHB Robinson Cano 0-0: Called Strike
0-1: SINGLE (Groundball, 25) (infield hit)
Batting: RHB Adam Duvall 0-0: Called Strike
0-1: Swinging Strike
0-2: Strikes out swinging
Top of the 6th over - 0 runs, 1 hit, 0 errors, 1 left on base; Cincinnati 1 - Colorado 15
BOTTOM OF THE 6TH
Colorado Rockies batting - Pitching for Cincinnati Reds : LHP Felipe Rivero
Batting: SHB Sandy Leon 0-0: Ball
1-0: Called Strike
1-1: SINGLE (Groundball, 6MD)
Batting: LHB CC Sabathia 0-0: Swinging Strike
0-1: Ball
1-1: Ball
2-1: Ball
3-1: Sac Bunt to 5S - play at first, batter OUT! 5-4
Sandy Leon to second
Batting: LHB Jake Bauers 0-0: Hit by Pitch
Batting: LHB Nick Markakis 0-0: Fielders Choice at 2nd, 4-6 (Groundball, 4)
Sandy Leon to third
Batting: RHB Mike Trout 0-0: Called Strike
0-1: Swinging Strike
0-2: Fly out, F8 (Flyball, 8LD)
Bottom of the 6th over - 0 runs, 1 hit, 0 errors, 2 left on base; Cincinnati 1 - Colorado 15
TOP OF THE 7TH
Cincinnati Reds batting - Pitching for Colorado Rockies : LHP CC Sabathia
Batting: LHB Joey Gallo 0-0: Called Strike
0-1: Foul Ball, location: 2F
0-2: Ball
1-2: Strikes out swinging
Batting: RHB Allen Cordoba 0-0: Called Strike
0-1: Swinging Strike
0-2: Ball
1-2: Foul Ball, location: 2F
1-2: Ball
2-2: Ball
3-2: Foul Ball, location: 2F
3-2: Base on Balls
Batting: LHB Felipe Rivero 0-0: Called Strike
Allen Cordoba is caught stealing 2nd base 2-6
0-1: Called Strike
0-2: Ball
1-2: Ground out 4-3 (Groundball, 4M)
Top of the 7th over - 0 runs, 0 hits, 0 errors, 0 left on base; Cincinnati 1 - Colorado 15
BOTTOM OF THE 7TH
Colorado Rockies batting - Pitching for Cincinnati Reds : LHP Felipe Rivero
Batting: RHB Brett Lawrie 0-0: Ground out 6-3 (Groundball, 6)
Batting: RHB Jordy Mercer 0-0: Called Strike
0-1: SINGLE (Groundball, 34D)
Batting: LHB Tommy La Stella 0-0: Called Strike
0-1: Called Strike
0-2: Foul Ball, location: 2F
0-2: Ball
1-2: Ball
2-2: Ball
3-2: Foul Ball, location: 2F
3-2: Base on Balls
Jordy Mercer to second
Batting: RHB Bryce Brentz 0-0: Ball
1-0: Ground out 6-3 (Groundball, 6S)
Jordy Mercer to third
Tommy La Stella to second
Batting: SHB Sandy Leon 0-0: Called Strike
0-1: Foul Ball, location: 2F
0-2: Ball
1-2: Foul Ball, location: 2F
1-2: Strikes out swinging
Bottom of the 7th over - 0 runs, 1 hit, 0 errors, 2 left on base; Cincinnati 1 - Colorado 15
TOP OF THE 8TH
Cincinnati Reds batting - Pitching for Colorado Rockies : LHP CC Sabathia
Pitching: RHP Anibal Sanchez
Batting: RHB Trea Turner 0-0: Ball
1-0: Ball
2-0: SINGLE (Groundball, 56D)
Batting: LHB Scooter Gennett 0-0: Ball
1-0: Foul Ball, location: 2F
1-1: 2-RUN HOME RUN (Flyball, 89XD), Distance : 432 ft
Batting: SHB Yasmani Grandal 0-0: Called Strike
0-1: DOUBLE (Flyball, 8RXD)
Batting: RHB Edwin Encarnacion 0-0: SINGLE (Groundball, 56D)
Yasmani Grandal to third
Batting: LHB Robinson Cano 0-0: Ball
1-0: Called Strike
1-1: Ball
2-1: SINGLE (Groundball, 5D)
Yasmani Grandal scores
Edwin Encarnacion to second
Batting: RHB Adam Duvall 0-0: Foul Ball, location: 2F
0-1: Swinging Strike
0-2: Ball
1-2: Ball
2-2: Strikes out looking
Batting: LHB Joey Gallo 0-0: Ball
1-0: 3-RUN HOME RUN (Flyball, 7D), Distance : 370 ft
Pitching: RHP Tom Eshelman
Batting: RHB Allen Cordoba 0-0: Ball
1-0: Ground out 6-3 (Groundball, 6S)
Pinch Hitting: LHB Adrian Gonzalez 0-0: Called Strike
0-1: Foul Ball, location: 2F
0-2: Ball
1-2: Ball
2-2: Ball
3-2: Foul Ball, location: 2F
3-2: Foul Ball, location: 2F
3-2: Strikes out swinging
Top of the 8th over - 6 runs, 6 hits, 0 errors, 0 left on base; Cincinnati 7 - Colorado 15
BOTTOM OF THE 8TH
Colorado Rockies batting - Pitching for Cincinnati Reds : LHP Felipe Rivero
Pitching: LHP Josh Smoker
Batting: RHB Tom Eshelman 0-0: Foul Ball, location: 2F
0-1: Foul Ball, location: 2F
0-2: Foul Ball, location: 2F
0-2: Foul Ball, location: 2F
0-2: Ball
1-2: Foul Ball, location: 2F
1-2: Ground out 3-1 (Groundball, 34)
Batting: LHB Jake Bauers 0-0: Ball
1-0: Foul Ball, location: 2F
1-1: Foul Ball, location: 2F
1-2: SINGLE (Groundball, 4MD)
Batting: LHB Nick Markakis 0-0: Foul Ball, location: 2F
0-1: 2-RUN HOME RUN (Flyball, 89XD), Distance : 391 ft
Batting: RHB Mike Trout 0-0: Ball
1-0: Called Strike
1-1: Foul Ball, location: 2F
1-2: Foul Ball, location: 2F
1-2: Ball
2-2: Ball
3-2: SOLO HOME RUN (Flyball, 89XD), Distance : 407 ft
Pitching: RHP Raisel Iglesias
Batting: RHB Brett Lawrie 0-0: Foul Ball, location: 2F
0-1: Ball
1-1: Swinging Strike
1-2: Strikes out swinging
Batting: RHB Jordy Mercer 0-0: Swinging Strike
0-1: Ball
1-1: Called Strike
1-2: Fly out, F9 (Line Drive, 9)
Bottom of the 8th over - 3 runs, 3 hits, 0 errors, 0 left on base; Cincinnati 7 - Colorado 18
TOP OF THE 9TH
Cincinnati Reds batting - Pitching for Colorado Rockies : RHP Tom Eshelman
Batting: RHB Trea Turner 0-0: Foul Ball, location: 2F
0-1: Ball
1-1: SINGLE (Groundball, 34D)
Batting: LHB Scooter Gennett 0-0: Ball
1-0: Foul Ball, location: 2F
1-1: Fly out, F8 (Flyball, 8RXD)
Batting: SHB Yasmani Grandal 0-0: Called Strike
0-1: SINGLE (Line Drive, 7S)
Trea Turner to second
Batting: RHB Edwin Encarnacion 0-0: Called Strike
0-1: Ball
1-1: Ball
Wild Pitch!
Trea Turner to third
Yasmani Grandal to second
2-1: Fly out, F7 (Flyball, 7LM)
Runner from 3rd tags up, SCORES, no throw by LF
Batting: LHB Robinson Cano 0-0: Called Strike
0-1: Ball
1-1: Ball
2-1: Foul Ball, location: 2F
2-2: Ground out 4-3 (Groundball, 4)
Top of the 9th over - 1 run, 2 hits, 0 errors, 1 left on base; Cincinnati 8 - Colorado 18
Tuesday, July 31st, 2018 - OOTP Baseball 19.7 Build 59